AoeStats
← TheLastAirbender

Golden Pit

508803827Analyzed
1v1 RM · 8d ago on Sep 24, 2026· 51m 17s· 2 players
Game mode
Random Map
Map size
Tiny (2 player)
Population
200
Speed
Normal
Resources
Standard
Victory
Conquest
Starting age
Dark Age
Ending age
Imperial Age
RankedLock teamsTeams togetherTeam positionsShared explorationLock speedFull tech treeHidden civsTurbo modeCheats
Victory
Defeat
🇰🇷 Ethiopians · South Korea
1072
+15
🇺🇸 Bulgarians · United States
1057
-15
TheLastAirbender
10:29 Feudal Age
12:08 Scale Mail Armor
17:38 Forging
19:04 Fletching
23:04 Castle Age
20:50 Loom
24:38 Double-Bit Axe
24:49 Elite Skirmisher
26:48 Scale Barding Armor
39:11 Bodkin Arrow
42:19 Wheelbarrow
47:24 Imperial Age
46:39 Padded Archer Armor
ValakOO
6:29 Loom
9:34 Feudal Age
11:19 Double-Bit Axe
16:36 Fletching
18:41 Padded Archer Armor
19:26 Horse Collar
25:47 Castle Age
24:15 Gold Mining
25:35 Scale Mail Armor
26:48 Wheelbarrow
25:48 Crossbowman
26:26 Bodkin Arrow
27:17 Leather Archer Armor
28:53 Thumb Ring
33:27 Squires
33:13 Arson
35:06 Stone Mining
35:52 Gold Shaft Mining
35:57 Forging
37:30 Chain Mail Armor
37:50 Iron Casting
41:15 Imperial Age
41:34 Arbalester
43:51 Chemistry
43:24 Ballistics
43:37 Ring Archer Armor
44:28 Hand Cart
49:47 Plate Mail Armor
50:18 Blast Furnace
49:19 Bracer
49:11 Elite Shotel Warrior
51:03 Conscription
Connection lost

Rejoining the realm…

Still unreachable

The connection could not be restored.

Session expired

The server has moved on; the page needs a fresh start.